 Dungeon Crawl Stone Soup version 0.27-a0-1123-g2f9bb313c0 (webtiles) character file.

Game seed: 2574149654898768639

60630 robertstho the Eclecticist (level 15, -5/109 HPs)
             Began as a Djinni Fire Elementalist on May 3, 2021.
             Was an Elder of Ashenzari.
             Killed by nerve-wracking pain
             ... invoked by an orc priest
              (14 damage)
             ... on level 2 of the Orcish Mines.
             The game lasted 00:45:14 (29132 turns).

robertstho the Eclecticist (DjFE)                  Turns: 29132, Time: 00:45:14

Health: -5/109     AC: 11    Str:  7    XL:     15   Next: 0%
Gold:   1345       EV: 30    Int: 23    God:    Ashenzari [****..] SH:  0 Dex: 14

rFire    + + +     SeeInvis +   H - +9 lance "Wyrmbane" {slay drac, rPois rF+ rC+ AC+3, Fort, Self} (curse)
rCold    . . .     Faith    .   (no shield)
rNeg     . . .     Spirit   .   q - +0 steam dragon scales of Supernal Wisdom {Melee, Evo} (curse)
rPois    ∞         Reflect  .   l - +2 helmet of the Lashed Pleiades {Melee, Self} (curse)
rElec    .         Harm     .   (no cloak)
rCorr    .         Rampage  .   (no gloves)
Will     +....     Clarity  +   (boots unavailable)
Stlth    +++.......             F - amulet of Cremastomancy {Acrobat, Range, Self} (curse)
HPRegen  0.28/turn              c - ring of the Esoteric Jealousy {Wiz, Fort, Melee} (curse)
MPRegen  0.00/turn              b - ring "Share My Elitism" {Wiz, Range, Self} (curse)

@: acrobatic, flying
A: fire resistance 2, cold vulnerability 1, float, innate caster, hp casting,
extra vitality 1
a: Renounce Religion, Shatter the Chains


You were on level 2 of the Orcish Mines.
You worshipped Ashenzari.
Ashenzari was greatly pleased with you.
You visited 4 branches of the dungeon, and saw 20 of its levels.
You also visited: Volcano.

You collected 1549 gold pieces.
You spent 204 gold pieces at shops.

Inventory:

Hand Weapons
 H - the cursed +9 lance "Wyrmbane" (weapon) {slay drac, rPois rF+ rC+ AC+3, Fort, Self}
   (You found it on level 1 of the Lair of Beasts)

   It affects your AC (+3).
   It protects you from fire.
   It protects you from cold.
   It protects you from poison.
   It has a curse which improves the following skills: Fortitude: Armour and
   Shields.
   Introspection: Fighting and Spellcasting.
Armour
 l - the cursed +2 helmet of the Lashed Pleiades (worn) {Melee, Self}
   (You found it on level 5 of the Dungeon)

   It has a curse which improves the following skills: Melee Combat: Short
   Blades, Long Blades, Axes, Maces & Flails, Polearms, Staves and Unarmed
   Combat.
   Introspection: Fighting and Spellcasting.
 q - the cursed +0 steam dragon scales of Supernal Wisdom (worn) {Melee, Evo}
   (You found it on level 7 of the Dungeon)

   It has a curse which improves the following skills: Melee Combat: Short
   Blades, Long Blades, Axes, Maces & Flails, Polearms, Staves and Unarmed
   Combat.
   Evocations: Evocations.
 v - a +1 robe of cold resistance
 w - the +1 leather armour of the Everdark {rC+}
   (You found it on level 4 of the Dungeon)

   It protects you from cold.
Jewellery
 b - the cursed ring "Share My Elitism" (right hand) {Wiz, Range, Self}
   (You found it on level 4 of the Dungeon)

   [ring of wizardry]

   It improves your spell success rate.
   It has a curse which improves the following skills: Ranged Combat: Slings,
   Bows, Crossbows and Throwing.
   Introspection: Fighting and Spellcasting.
 c - the cursed ring of the Esoteric Jealousy (left hand) {Wiz, Fort, Melee}
   (You found it on level 1 of the Dungeon)

   [ring of wizardry]

   It improves your spell success rate.
   It has a curse which improves the following skills: Fortitude: Armour and
   Shields.
   Melee Combat: Short Blades, Long Blades, Axes, Maces & Flails, Polearms,
   Staves and Unarmed Combat.
 r - a ring of protection from cold
 x - a +6 ring of strength
 F - the cursed amulet of Cremastomancy (around neck) {Acrobat, Range, Self}
   (You found it on level 10 of the Dungeon)

   [amulet of the acrobat]

   It increases your evasion while moving and waiting.
   It has a curse which improves the following skills: Ranged Combat: Slings,
   Bows, Crossbows and Throwing.
   Introspection: Fighting and Spellcasting.
 J - a ring of ice
Wands
 a - a wand of mindburst (16)
 u - a wand of digging (2)
 y - a wand of iceblast (10)
Scrolls
 d - a scroll of silence
 f - a scroll of holy word
 g - 4 scrolls of enchant weapon
 h - 4 scrolls of enchant armour
 j - 4 scrolls of teleportation
 k - a scroll of brand weapon
 n - a scroll of fog
 p - 5 scrolls of immolation
 z - a scroll of magic mapping
 B - a scroll of blinking
Potions
 e - a potion of cancellation
 i - 3 potions of ambrosia
 m - 2 potions of brilliance
 o - a potion of resistance
 s - 7 potions of lignification
 t - 5 potions of haste
 A - 3 potions of might
 I - 2 potions of curing
Miscellaneous
 E - a piece from Xom's chessboard (15/15)
 K - a tin of tremorstones (2/2)


   Skills:
 + Level 5.2(10.5) Fighting
 + Level 2.5(6.1) Polearms
 + Level 7.4 Dodging
 + Level 5.8 Stealth
 + Level 18.6(23.1) Spellcasting


You had 18 spell levels left.
You knew the following spells:

 Your Spells              Type           Power      Damage    Failure   Level
a - Foxfire               Conj/Fire      100%       2x1d9     0%          1
b - Conjure Flame         Conj/Fire      93%        6-21      0%          3
c - Inner Flame           Hex/Fire       93%        N/A       0%          3
d - Sticky Flame          Conj/Fire      93%        2d10      0%          4
e - Fireball              Conj/Fire      46%        3d18      0%          5
f - Shock                 Conj/Air       100%       1d9       0%          1
g - Poisonous Vapours     Pois/Air       100%       N/A       0%          2
h - Confusing Touch       Hex            93%        N/A       0%          3
i - Olgreb's Toxic Radia  Pois           93%        N/A       0%          4
j - Silence               Hex/Air        46%        N/A       0%          5
k - Bolt of Magma         Conj/Fire/Erth 46%        4d19      0%          5
l - Starburst             Conj/Fire      46%        8x6d13    0%          6
Your spell library was empty.

Dungeon Overview and Level Annotations

Branches:
Dungeon (11/15)            Temple (1/1) D:4            Lair (6/6) D:8
  Swamp (0/4) Lair:3        Snake (0/4) Lair:2        Slime (0/5) Lair:5
    Orc (2/2) D:9             Elf (0/3) Orc:2       Volcano (visited)

Altars:
Ashenzari
Cheibriados
Elyvilon
Fedhas
Gozag
Hepliaklqana
Kikubaaqudgha
Makhleb
Nemelex Xobeh
Okawaru
Qazlal
Ru
Trog
Vehumet
Xom
Jiyva

Shops:
Orc:1 *   Orc:2 [


Innate Abilities, Weirdness & Mutations

You are immune to poison.
Your flesh is very heat resistant. (rF++)
You are vulnerable to cold. (rC-)
You float through the air rather than walking.
You learn spells naturally, not from books.
Your magical power is your life essence.
You have superior vitality. (+4 HP)


Message History

Aiming: Fireball (safe; 0% risk of failure)
Press: ? - help, Shift-Dir - straight line, f - warg
Aim: a warg (severely wounded)
The fireball explodes!
The fireball engulfs the warg!!
You kill the warg!
* * * LOW HITPOINT WARNING * * *
The orc priest is poisoned. x2
You hear a shout! x3
The orc priest calls upon Beogh to heal the orc priest.
The orc priest is healed somewhat.
You have reached level 15!
Your experience leads to an increase in your attributes!
Increase (S)trength, (I)ntelligence, or (D)exterity?
You feel clever.
The power to cast Starburst wells up from within.
Spell assigned to 'l'.
Unknown command.
Casting: Fireball (safe; 0% risk of failure)
Confirm with . or Enter, or press ? or * to list all spells.
Aiming: Fireball (safe; 0% risk of failure)
Press: ? - help, Shift-Dir - straight line, f - orc priest
Aim: an orc priest, wielding a +0 mace (lightly wounded, very poisoned)
The fireball explodes!
The fireball engulfs the orc priest!!!
You kill the orc priest!
* * * LOW HITPOINT WARNING * * *
Your toxic aura wanes.
An orc high priest comes into view. It is wielding a +0 short sword.
The orc priest invokes the aid of Beogh against you.
Beogh smites you!
* * * LOW HITPOINT WARNING * * *
An ogre comes into view. It is wielding a +0 giant club.
You feel better.
The orc priest calls down the wrath of Beogh upon you.
Beogh smites you!
* * * LOW HITPOINT WARNING * * *
An orc priest comes into view. It is wielding a +0 hand axe.
Unknown command.
The orc priest mumbles some strange prayers to Beogh against you.
Pain shoots through your body!
You die...

.##........### ,,, ,, ,* *,
* .............., ..)o ,*
....<......### *#oO),
...........#{{{{#)o# * * ***
* .#.........#,{{ #o)#, ,{ ,
, , ...........#,,, #.)#, ,,
** ....#......#∩,..#..# ,, *
* *
...........######†.#######
**
....#...........@.........,,
,
....#..#..................,
,, ,
.............#....#.###.#. *
, , .........##.##...#..#. ,
* ,, ,
..........#.##........., , *
.##..#.#.#............... *,
* *
#*###...)#..............., ,
#.................... ©*
##.#)#>....#...#..... ,


You could see an orc high priest, an ogre and 3 orc priests.

Vanquished Creatures
  An ettin (Orc:1)
  Fannar (Orc:1)
  The ghost of NateTC the Severer, a journeyman HOFi of the Shining One (Orc:1)
  6 hydras
  A merfolk avatar (Lair:6)
  2 two-headed ogres
  2 tengu warriors (D:10)
  9 death yaks
  2 orc high priests (Orc:2)
  Urug (Lair:5)
  A sea snake (Lair:6)
  3 lindwurms
  A harpy (Lair:6)
  An oklob plant (Lair:4)
  An orc sorcerer (Orc:1)
  A manticore (D:10)
  8 elephants
  Joseph (D:10)
  2 centaur zombies (D:10)
  4 black mambas
  20 cane toads
  An unseen horror (D:11)
  Psyche (D:8)
  9 komodo dragons
  2 rime drakes
  A troll (Orc:1)
  8 polar bears
  A wind drake (Lair:6)
  15 blink frogs
  Grinder (D:5)
  3 hornets
  17 dream sheep
  2 shadows (D:10)
  7 wyverns
  2 wraiths
  5 humans (D:10)
  44 yaks
  5 fire bats
  4 steam dragons
  4 basilisks
  6 wargs
  14 water moccasins
  7 orc warriors
  5 black bears
  A sky beast (D:5)
  4 wolves (Lair:5)
  2 centaurs
  4 ogres
  3 kobold brigands
  2 phantoms
  9 bullfrogs
  A gnoll sergeant (Orc:2)
  16 killer bees
  4 howler monkeys
  3 wights (D:7)
  3 electric eels (Lair:3)
  6 lava snakes (Volcano)
  2 bullfrog zombies
  2 hounds
  13 orc priests
  2 iguanas (D:6)
  17 orc wizards
  6 hell rats (Lair:5)
  4 gnolls (Orc:2)
  2 howler monkey skeletons
  8 adders
  3 shadow imps
  An ufetubus (D:6)
  An adder skeleton (D:4)
  A dart slug (D:2)
  43 orcs
  8 bats
  5 endoplasms
  3 giant cockroaches
  2 goblins
  9 hobgoblins
  9 jackals
  23 kobolds
  3 quokkas
  9 ball pythons
  A frilled lizard (D:2)
  6 rats
  A bush (Lair:6)
475 creatures vanquished.

Vanquished Creatures (collateral kills)
  5 foxfires (D:4)
5 creatures vanquished.

Vanquished Creatures (others)
  552 foxfires
  77 fungi
  109 plants
738 creatures vanquished.

Grand Total: 1218 creatures vanquished

Notes
Turn   | Place    | Note
-------+----------+-------------------------------------------
     0 | D:1      | robertstho the Djinni Fire Elementalist began the quest for
                  | the Orb.
     0 | D:1      | Reached XP level 1. HP: 15/15 MP: 0/0
   346 | D:1      | Reached skill level 3 in Spellcasting
   402 | D:1      | Reached XP level 2. HP: 18/21 MP: 0/0
   907 | D:1      | Found a faded altar of an unknown god.
  1351 | D:1      | Reached XP level 3. HP: 24/25 MP: 0/0
  1351 | D:1      | Learned a level 1 spell: Shock
  2075 | D:2      | Reached XP level 4. HP: 21/31 MP: 0/0
  2256 | D:2      | Reached skill level 4 in Spellcasting
  2965 | D:3      | Reached XP level 5. HP: 14/35 MP: 0/0
  2965 | D:3      | Learned a level 2 spell: Poisonous Vapours
  3249 | D:3      | Noticed an ogre
  3253 | D:3      | Killed an ogre
  3355 | D:3      | Reached skill level 5 in Spellcasting
  3593 | D:3      | Reached XP level 6. HP: 36/40 MP: 0/0
  4654 | D:4      | Identified the +1 leather armour of the Everdark {rC+}
  4807 | D:4      | Found a staircase to the Ecumenical Temple.
  4820 | Temple   | Entered the Ecumenical Temple
  4973 | Temple   | Became a worshipper of Ashenzari the Shackled
  5355 | D:4      | Reached XP level 7. HP: 23/46 MP: 0/0
  5355 | D:4      | Learned a level 3 spell: Confusing Touch
  5770 | D:4      | Found a bloodstained altar of Trog.
  5964 | D:4      | Reached skill level 6 in Spellcasting
  6453 | D:5      | Entered Level 5 of the Dungeon
  7053 | D:5      | Noticed Grinder
  7059 | D:5      | Killed Grinder
  7060 | D:5      | Reached skill level 1 in Fighting
  7060 | D:5      | Reached skill level 7 in Spellcasting
  7060 | D:5      | Reached XP level 8. HP: 32/52 MP: 0/0
  7717 | D:6      | Reached skill level 8 in Spellcasting
  8036 | D:6      | Found an opulent altar of Gozag.
  8201 | D:6      | Found a burning altar of Makhleb.
  8303 | D:6      | Found a white marble altar of Elyvilon.
  8957 | D:7      | Reached XP level 9. HP: 30/58 MP: 0/0
  8957 | D:7      | Learned a level 4 spell: Olgreb's Toxic Radiance
  8959 | D:7      | Reached skill level 9 in Spellcasting
  9495 | D:7      | Found an iron altar of Okawaru.
 10275 | D:8      | Noticed a two-headed ogre
 10277 | D:8      | Reached skill level 10 in Spellcasting
 10280 | D:8      | Killed a two-headed ogre
 10281 | D:8      | Reached XP level 10. HP: 39/67 MP: 0/0
 10676 | D:8      | Noticed an elephant
 10696 | D:7      | Killed an elephant
 10697 | D:7      | Reached skill level 11 in Spellcasting
 11004 | D:8      | Noticed Psyche
 11008 | D:8      | Killed Psyche
 11322 | D:8      | Found a staircase to the Lair.
 11836 | D:9      | Noticed a two-headed ogre
 11841 | D:8      | Reached * piety under Ashenzari
 12036 | D:9      | Found a staircase to the Orcish Mines.
 12584 | D:9      | Killed a two-headed ogre
 12585 | D:9      | Reached skill level 5 in Dodging
 12585 | D:9      | Reached skill level 5 in Stealth
 12585 | D:9      | Reached skill level 12 in Spellcasting
 12585 | D:9      | Reached XP level 11. HP: 60/76 MP: 0/0
 12585 | D:9      | Learned a level 5 spell: Silence
 13673 | D:10     | Entered Level 10 of the Dungeon
 14091 | D:10     | Noticed a tengu warrior
 14094 | D:10     | Noticed a tengu warrior
 14096 | D:10     | Killed a tengu warrior
 14099 | D:10     | Killed a tengu warrior
 14100 | D:10     | Reached skill level 13 in Spellcasting
 14485 | D:10     | Noticed Joseph
 14489 | D:10     | Killed Joseph
 14985 | D:10     | Noticed a manticore
 14989 | D:10     | Killed a manticore
 15226 | D:10     | Found a shimmering altar of Xom.
 15292 | D:11     | Noticed a white ugly thing
 15704 | Lair:1   | Entered Level 1 of the Lair of Beasts
 16175 | Lair:1   | Found a dark tunnel.
 16184 | Volcano  | Entered a volcano
 16287 | Volcano  | Reached XP level 12. HP: 74/82 MP: 0/0
 16527 | Volcano  | Reached skill level 14 in Spellcasting
 16579 | Volcano  | Found a bloodstained altar of Trog.
 16579 | Volcano  | Noticed a sun demon
 17377 | Lair:1   | Found the +8 lance "Wyrmbane" {slay drac, rPois rF+ rC+
                  | AC+3}
 17773 | Lair:2   | Found a staircase to the Snake Pit.
 17773 | Lair:2   | Noticed an eight-headed hydra
 17777 | Lair:2   | Killed an eight-headed hydra
 18362 | Lair:2   | Reached skill level 15 in Spellcasting
 19055 | Lair:2   | Noticed an eight-headed hydra
 19058 | Lair:2   | Killed an eight-headed hydra
 19394 | Lair:2   | Reached XP level 13. HP: 82/87 MP: 0/0
 19394 | Lair:2   | Learned a level 5 spell: Bolt of Magma
 19396 | Lair:2   | Reached skill level 1 in Polearms
 19658 | Lair:3   | Reached ** piety under Ashenzari
 20050 | Lair:3   | Found a staircase to the Swamp.
 20054 | Lair:3   | Reached skill level 16 in Spellcasting
 20339 | Lair:3   | Reached *** piety under Ashenzari
 22789 | Lair:5   | Noticed Urug
 22797 | Lair:5   | Killed Urug
 24068 | Lair:5   | Found a viscous altar of Jiyva.
 24069 | Lair:5   | Found a staircase to the Slime Pits.
 24106 | Lair:5   | Reached skill level 17 in Spellcasting
 24792 | Lair:6   | Entered Level 6 of the Lair of Beasts
 24946 | Lair:6   | Reached XP level 14. HP: 84/99 MP: 0/0
 24948 | Lair:6   | Reached skill level 5 in Fighting
 26454 | Lair:6   | Reached skill level 18 in Spellcasting
 27221 | Lair:6   | Identified the +0 scale mail of Parts Unknown {rElec rC+
                  | Str-2 Dex+5}
 28190 | Orc:1    | Entered Level 1 of the Orcish Mines
 28419 | Orc:1    | Reached **** piety under Ashenzari
 28593 | Orc:1    | Found a runed translucent gate.
 28593 | Orc:1    | Found a runed translucent gate.
 28594 | Orc:1    | Found an opulent altar of Gozag.
 28594 | Orc:1    | Noticed NateTC's ghost (journeyman HOFi)
 28597 | Orc:1    | Found a runed translucent gate.
 28599 | Orc:1    | Noticed Fannar
 28602 | Orc:1    | Killed Fannar
 28681 | Orc:1    | Found Toastrosebi's Assorted Antiques.
 28728 | Orc:1    | Killed NateTC's ghost
 29004 | Orc:1    | Bought a blackened ivory ring for 120 gold pieces
 29004 | Orc:1    | Bought a scroll of magic mapping for 84 gold pieces
 29032 | Orc:2    | Entered Level 2 of the Orcish Mines
 29032 | Orc:2    | Found Racwion's Armour Shoppe.
 29081 | Orc:2    | Found a staircase to the Elven Halls.
 29130 | Orc:2    | Reached XP level 15. HP: 28/109 MP: 0/0
 29130 | Orc:2    | Learned a level 6 spell: Starburst
 29132 | Orc:2    | Killed from afar by an orc priest

Illustrated notes

Levels and vault maps discovered:
D:1:      sevenhm_arrival_forest_fort_small_6, layout_basic,
          shapermc_ecumenical_altar_mp_urbaneastern, roderic_lattice_a
D:2:      layout_basic
D:3:      layout_loops_ring, kennysheep_generic_room_11
D:4:      layout_basic, amcnicky_altar_gilded,
          minmay_temple_entry_statues_pillars, serial_forest,
          infiniplex_forest_straight_1, infiniplex_forest_end_2,
          infiniplex_forest_diagonal, infiniplex_forest_zigzag_1,
          infiniplex_forest_corner_1, infiniplex_forest_end_double,
          infiniplex_forest_clump_long, hangedman_decor_push, chequers_big_river
D:5:      layout_rooms, overflow_temple_1_default, kb_lookout_dungeons_type,
          uniq_grinder
D:6:      layout_cave_pods, lemuel_coloured_pillars_altar, grunt_gozag_statues,
          elyvilon_altar_5, chequers_serial_rivers_marsh,
          uniq_crazy_yiuf_cottage
D:7:      layout_loops_ring, old_standard_altar
D:8:      layout_rooms, david_lair_generic, uniq_psyche
D:9:      layout_gridville, david_orc_3, st_stairs_13
D:10:     layout_roguey, lemuel_doored_altar, grunt_ministairs_6,
          minmay_ruffians, uniq_joseph
D:11:     layout_basic
Temple:   regret_index_temple_generic_petals
Lair:1:   layout_roguey, nicolae_volcano_entry_batcave, columned_hall_lemuel,
          eino_small_chamber_without_monster, lemuel_fruit_tree
Lair:2:   cheibrodos_lair_overgrown_chateau, layout_loops_ring,
          dummy_snake_entry, cheibrodos_lair_lostbears, grunt_megastairs_4
Lair:3:   layout_gridlike, minmay_swamp_entry_eels, st_stairs_9
Lair:4:   layout_concentric_octagons
Lair:5:   layout_cave_pods, slime_altar_1, uniq_urug
Lair:6:   gammafunk_lair_ancient_temple, layout_regular_city
Orc:1:    layout_caves, ebering_ghost_gozag, uniq_fannar, uniq_nergalle
Orc:2:    st_orc_town, layout_caves, gammafunk_ghost_abyssal_escape,
          serial_shops, shop, nicolae_orc_lava_tube, led_sif_book

Skill      XL: |  1  2  3  4  5  6  7  8  9 10 11 12 13 14 |
---------------+-------------------------------------------+-----
Spellcasting   | 3 4 5 7 8 10 12 13 15 17 18 | 18.6
Stealth        | 2 3 4 5 |  5.8
Dodging        | 3 5 6 7 |  7.4
Fighting       | 1 2 4 5 |  5.2
Polearms       | 1 2 |  2.5

Action                   |  1- 3 |  4- 6 |  7- 9 | 10-12 | 13-15 || total
-------------------------+-------+-------+-------+-------+-------++-------
Melee: Dagger            |       |     3 |       |       |       ||     3
       Short sword       |       |       |    12 |     3 |       ||    15
       Lance             |       |       |       |    12 |    23 ||    35
 Cast: Foxfire           |    85 |   135 |   122 |       |       ||   342
       Sticky Flame      |       |       |    10 |    25 |    41 ||    76
       Fireball          |       |       |    31 |   183 |   216 ||   430
       Olgreb's Toxic Ra |       |       |       |    25 |    43 ||    68
       Shock             |       |       |       |     1 |       ||     1
       Bolt of Magma     |       |       |       |       |     6 ||     6
Invok: Curse Item        |       |       |     1 |     1 |     4 ||     6
  Use: Potion            |       |     2 |     3 |     1 |     5 ||    11
       Scroll            |       |       |       |     5 |     3 ||     8
Armor: Robe              |     9 |     5 |     5 |       |       ||    19
       Steam dragon scal |       |       |       |    21 |     8 ||    29
Dodge: Dodged            |    25 |    13 |    16 |    53 |    64 ||   171

Table legend: (Time is in decaauts)
 A = Elapsed time spent in this place.
 B = Non-inter-level travel time spent in this place.
 C = Inter-level travel time spent in this place.
 D = Time resting spent in this place.
 E = Time spent auto-exploring this place.
 F = Levels seen in this place.
 G = Mean time per level.
                   A        B        C        D        E       F      G
               +--------+--------+--------+--------+--------+-----+--------+
         Total |  29138 |  28008 |   1130 |   6003 |  19723 |  21 | 1387.5 |
       Dungeon |  15593 |  14968 |    625 |   2842 |  10966 |  11 | 1417.5 |
        Temple |    162 |    137 |     25 |      0 |    136 |   1 |  162.0 |
          Lair |  11717 |  11246 |    471 |   2816 |   7543 |   6 | 1952.8 |
  Orcish Mines |    939 |    932 |      7 |    254 |    570 |   2 |  469.5 |
       Volcano |    724 |    724 |      0 |     91 |    508 |   1 |  724.0 |
               +--------+--------+--------+--------+--------+-----+--------+

Top non-repeatable levels by time:
  Lair:5: 3344 daAuts
  Lair:2: 2262 daAuts
     D:7: 2179 daAuts
  Lair:6: 2030 daAuts
    D:10: 1975 daAuts
     D:4: 1971 daAuts
     D:9: 1886 daAuts
     D:1: 1850 daAuts
     D:3: 1643 daAuts
  Lair:4: 1628 daAuts
     D:6: 1443 daAuts
  Lair:3: 1420 daAuts
     D:2: 1078 daAuts
  Lair:1: 1032 daAuts
     D:5: 922 daAuts
